 Dungeon Crawl Stone Soup version 0.27.1-34-g3ba077fa99 (webtiles) character file.

Game seed: 17107255358933574908

233 mcbry74 the Slasher (level 5, -3/45 HPs)
             Began as a Minotaur Berserker on Jan 26, 2022.
             Was a Believer of Trog.
             Slain by an iguana (13 damage)
             ... on level 4 of the Dungeon.
             The game lasted 00:07:32 (3810 turns).

mcbry74 the Slasher (Minotaur Berserker)            Turns: 3810, Time: 00:07:33

Health: -3/45      AC:  2    Str: 23    XL:     5   Next: 74%
Magic:  4/4        EV: 12    Int:  4    God:    Trog [**....]
Gold:   153        SH:  0    Dex:  9    Spells: 4/4 levels left

rFire    . . .     SeeInvis .   a - +0 falchion
rCold    . . .     Faith    .   (no shield)
rNeg     . . .     Spirit   .   b - +0 animal skin
rPois    .         Reflect  .   (helmet restricted)
rElec    .         Harm     .   (no cloak)
rCorr    +         Rampage  .   (no gloves)
Will     .....                  (no boots)
Stlth    +.........             (no amulet)
HPRegen  0.15/turn              d - ring of resist corrosion
MPRegen  0.09/turn              (no ring)

@: no status effects
A: horns 2, retaliatory headbutt
a: Renounce Religion, Berserk, Trog's Hand


You were on level 4 of the Dungeon.
You worshipped Trog.
Trog was pleased with you.
You visited 1 branch of the dungeon, and saw 4 of its levels.

You collected 153 gold pieces.

Inventory:

Hand Weapons
 a - a +0 falchion (weapon)
 j - a +0 hunting sling
Missiles
 e - 5 boomerangs (quivered)
 o - 14 sling bullets
 q - 10 arrows
Armour
 b - a +0 animal skin (worn)
Jewellery
 d - a ring of resist corrosion (left hand)
Scrolls
 c - a scroll of summoning {unknown}
 f - a scroll of fear {unknown}
 g - 3 scrolls of identify {unknown}
 h - a scroll of magic mapping {unknown}
 k - 2 scrolls of enchant armour {unknown}
 m - a scroll of amnesia {unknown}
 n - 2 scrolls of teleportation {unknown}
Potions
 i - a potion of heal wounds {unknown}
 l - a potion of brilliance {unknown}
 p - a potion of mutation {unknown}


   Skills:
 - Level 3.6 Fighting
 + Level 7.9 Long Blades
 - Level 2.4 Armour
 - Level 2.1 Dodging


You had 4 spell levels left.
You didn't know any spells.
Your spell library was empty.

Dungeon Overview and Level Annotations

Branches:
Dungeon (4/15)
 Temple: D:4-7

Altars:
Elyvilon
Okawaru
Vehumet

Shops:
D:2 (

Annotations:
D:3 exclusion: statue


Innate Abilities, Weirdness & Mutations

You have a pair of horns on your head.
You reflexively headbutt those who attack you in melee.


Message History

Things that are here:
a +0 dagger; a goblin skeleton
There is a stone staircase leading down here.
You climb downwards.
There is a stone staircase leading up here.
A scorpion is nearby!
You barely miss the scorpion. The scorpion stings you.
You hit the scorpion.
The scorpion is moderately wounded.
The scorpion barely misses you.
You hit the scorpion. You headbutt the scorpion.
The scorpion is severely wounded.
The scorpion misses you.
You closely miss the scorpion. You headbutt the scorpion.
You kill the scorpion!
Trog accepts your kill.
You start resting.
HP restored.
You open the door.
There is an open door here.
k - 2 scrolls labelled UKHLAB WA OREST (gained 1)
An iguana comes into view.
The iguana hisses angrily.
You hit the iguana. You headbutt the iguana.
The iguana is lightly wounded.
The iguana bites you but does no damage.
You hit the iguana. Your headbutt misses the iguana.
The iguana is heavily wounded.
The iguana bites you!
You hit the iguana. Your headbutt misses the iguana.
The iguana is heavily wounded.
The iguana bites you!
You barely miss the iguana.
The iguana is heavily wounded.
The iguana bites you!
* * * LOW HITPOINT WARNING * * *
You closely miss the iguana.
The iguana is heavily wounded.
The iguana bites you!
You die...

#### ^..... #..#.#
#..#.# #..#.######
..#......#####+#
#.######.#......'...#.#
#....l@..#......###.#.#
######..........##....#
#........####....#
#......### #....#
#......# #....#
#......# #....#
#......# #..<.#
#......# ##+#.#
######## #...#


You could see an iguana.

Vanquished Creatures
  A scorpion (D:4)
  Jessica (D:2)
  Terence (D:2)
  5 adders
  3 worms (D:2)
  A dart slug (D:1)
  8 ball pythons
  7 bats
  7 endoplasms
  2 giant cockroaches (D:1)
  8 goblins
  5 hobgoblins
  5 quokkas
  4 frilled lizards
  6 kobolds
  5 rats
69 creatures vanquished.

Notes
Turn   | Place    | Note
-------+----------+-------------------------------------------
     0 | D:1      | mcbry74 the Minotaur Berserker began the quest for the Orb.
     0 | D:1      | Reached XP level 1. HP: 19/19 MP: 0/0
   100 | D:1      | Reached skill level 4 in Long Blades
   166 | D:1      | Reached XP level 2. HP: 26/26 MP: 1/1
   421 | D:1      | Reached skill level 5 in Long Blades
   584 | D:1      | Found a faded altar of an unknown god.
   596 | D:1      | Found a faded altar of an unknown god.
   627 | D:1      | Reached ** piety under Trog
   630 | D:1      | Reached XP level 3. HP: 16/31 MP: 2/2
  1379 | D:2      | Reached XP level 4. HP: 36/39 MP: 3/3
  1386 | D:2      | Reached skill level 6 in Long Blades
  1698 | D:2      | Noticed Jessica
  1708 | D:2      | Killed Jessica
  1761 | D:2      | Found Teb Erei's Weapon Boutique.
  2113 | D:2      | Noticed Terence
  2653 | D:2      | Killed Terence
  2654 | D:2      | Reached skill level 7 in Long Blades
  2654 | D:2      | Reached XP level 5. HP: 43/45 MP: 4/4
  3199 | D:3      | Found a white marble altar of Elyvilon.
  3391 | D:3      | Found an iron altar of Okawaru.
  3482 | D:3      | Found a radiant altar of Vehumet.
  3482 | D:3      | Noticed a frost-covered statue
  3810 | D:4      | Slain by an iguana

Illustrated notes

Levels and vault maps discovered:
D:1:      scummos_arrival_gate, layout_basic, serial_glass, glass_columns_a,
          glass_columns_c, feat_on_display, feat_on_display, item_on_display_a,
          feat_on_display, hellmonk_ecumenical_altar_the_god_not_taken
D:2:      layout_loops_cross, serial_shops, shop_fountains, uniq_jessica,
          uniq_terence
D:3:      layout_basic, elyvilon_altar_4, marbit_many_paths, vehumet_statue
D:4:      layout_basic, mainiacjoe_overflow_tiny_flanked, fedhas_altar_1

Skill      XL: |  1  2  3  4 |
---------------+-------------+-----
Long Blades    | 4 5 7 |  7.9
Fighting       | |  3.6
Armour         | |  2.4
Dodging        | |  2.1

Action                   |  1- 3 |  4- 6 || total
-------------------------+-------+-------++-------
Melee: Falchion          |    61 |    81 ||   142
       Headbutt          |    15 |    11 ||    26
Invok: Berserk           |       |     1 ||     1
 Stab: Sleeping          |       |     1 ||     1
Armor: Animal skin       |    11 |     9 ||    20
Dodge: Dodged            |    32 |    36 ||    68
       Rpst.: Falchion   |    10 |    13 ||    23
